 Dungeon Crawl Stone Soup version 0.28.0-43-g3370ac3207 (webtiles) character file.

Game seed: 1829907168631152304

43 experimilk the Chopper (level 3, 0/31 HPs)
             Began as a Palentonga Abyssal Knight on Mar 18, 2022.
             Was a Believer of Lugonu.
             Slain by a goblin
             ... wielding a +0 dagger
              (1 damage)
             ... on level 2 of the Dungeon.
             The game lasted 00:06:39 (1444 turns).

experimilk the Chopper (Palentonga Abyssal Knight)  Turns: 1444, Time: 00:06:39

Health: 0/31       AC:  5    Str: 18    XL:     3   Next: 37%
Magic:  4/4        EV:  8    Int: 10    God:    Lugonu [**....]
Gold:   47         SH:  0    Dex: 10    Spells: 0/2 levels left

rFire   . . .      SeeInvis +   a - +1 hand axe
rCold   . . .      Faith    .   (no shield)
rNeg    . . .      Spirit   .   c - +0 ring mail
rPois   .          Reflect  .   (no helmet)
rElec   .          Harm     .   (no cloak)
rCorr   .          Rampage  .   (no gloves)
Will    .....                   (no barding)
Stlth   ..........              (no amulet)
HPRegen 0.10/turn               (no ring)
MPRegen 0.09/turn               (no ring)

@: no status effects
A: large, rugged brown scales 3, see invisible, deformed body, roll 1, armoured
tail
a: Rolling Charge, Renounce Religion, Depart the Abyss, Bend Space


You were on level 2 of the Dungeon.
You worshipped Lugonu.
Lugonu was pleased with you.
You visited 1 branch of the dungeon, and saw 2 of its levels.
You visited the Abyss 1 time.

You collected 89 gold pieces.
You spent 42 gold pieces at shops.

Inventory:

Hand Weapons
 a - a +1 hand axe (weapon)
Armour
 b - a +0 leather armour
 c - a +0 ring mail (worn)
Scrolls
 e - 2 scrolls of identify
 h - a scroll of immolation {unknown}
Potions
 d - a potion of ambrosia {unknown}
 f - a potion of brilliance
 i - a potion of invisibility {unknown}
 j - a potion of cancellation {unknown}


   Skills:
 - Level 3.0 Fighting
 * Level 3.8 Axes
 - Level 1.5 Armour
 - Level 0.7 Dodging
 - Level 2.0 Invocations


You couldn't memorise any spells.
You knew the following spells:

 Your Spells              Type           Power      Damage    Failure   Level
a - Blink                 Tloc           0%         N/A       71%         2

Your spell library contained the following spells:

 Spells                   Type           Power      Damage    Failure   Level
 Summon Small Mammal      Summ           0%         N/A       56%         1
 Call Canine Familiar     Summ           0%         N/A       90%         3
 Lesser Beckoning         Tloc           0%         N/A       90%         3
 Summon Guardian Golem    Hex/Summ       0%         N/A       90%         3
 Manifold Assault         Tloc           0%         N/A       100%        5


Dungeon Overview and Level Annotations

Branches:
Dungeon (2/15)

Altars:
Dithmenos

Shops:
D:1 *

Annotations:
D:2 Terence


Innate Abilities, Weirdness & Mutations

You are completely covered in rugged brown scales. (AC +3, +7% HP)
You have supernaturally acute eyesight. (SInv)
Armour fits poorly on your strangely shaped body.
You can roll at nearby foes to attack.
You have a long armoured tail.


Message History

Okay, then.
Okay, then.
You hit Terence but do no damage. Terence hits you with a +0 hand axe.
You hit Terence.
Terence is lightly wounded.
Terence hits you with a +0 hand axe.
You barely miss Terence.
You tail-slap Terence, but do no damage.
Terence is lightly wounded.
Terence hits you with a +0 hand axe!
An endoplasm comes into view.
Terence hits you with a +0 hand axe.
* * * LOW HITPOINT WARNING * * *
As you read the scroll of teleportation, it crumbles to dust.
You feel strangely unstable. Terence closely misses you.
Your surroundings suddenly seem different.
A goblin comes into view. It is wielding a +0 club.
The goblin shouts!
A goblin is nearby!
A goblin is nearby!
A goblin is nearby!
A goblin comes into view. It is wielding a +0 dagger.
The goblin shouts!
The goblin hits you with a +0 club.
* * * LOW HITPOINT WARNING * * *
You hit the goblin.
The goblin is heavily wounded.
The goblin barely misses you.
You barely miss the goblin.
The goblin is heavily wounded.
The goblin barely misses you.
You hit the goblin.
You kill the goblin!
Lugonu accepts your kill.
You can now bend space around yourself.
You hit the goblin. The goblin hits you with a +0 dagger.
* * * LOW HITPOINT WARNING * * *
You hit the goblin.
The goblin is severely wounded.
The goblin hits you with a +0 dagger.
You die...

..
#..#.###......####.##
##.......###.## #..#
#.....# #.# ##.. #..#
#.# ###. #..# #.#
#... #..### ... #...
######....# #...
........#..# #...
......g@##.# #...
.......)# ... #...
........# ##. #...
........# . #...
........# #...
........# ####
........# #########


You could see a goblin.

Vanquished Creatures
  2 dart slugs
  5 ball pythons
  3 endoplasms
  A giant cockroach (D:1)
  3 goblins
  4 hobgoblins (D:1)
  3 jackals (D:1)
  2 quokkas
  3 bats (D:1)
  6 frilled lizards
  3 rats
35 creatures vanquished.

Notes
Turn   | Place    | Note
-------+----------+-------------------------------------------
     0 | Abyss:1  | experimilk the Palentonga Abyssal Knight began the quest
                  | for the Orb.
     0 | Abyss:1  | Reached XP level 1. HP: 19/19 MP: 2/2
    40 | Abyss:1  | Found a corrupted altar of Lugonu.
   115 | Abyss:1  | Noticed a worldbinder
   116 | D:1      | Escaped the Abyss
   161 | D:1      | Reached * piety under Lugonu
   259 | D:1      | Reached XP level 2. HP: 24/25 MP: 3/3
   787 | D:1      | Reached XP level 3. HP: 30/31 MP: 4/4
   876 | D:1      | Found Jotitox's General Store.
   896 | D:1      | Bought a scroll of teleportation for 42 gold pieces
  1241 | D:2      | Learned a level 2 spell: Blink
  1266 | D:2      | Found a shadowy altar of Dithmenos.
  1425 | D:2      | Noticed Terence
  1443 | D:2      | Reached ** piety under Lugonu
  1443 | D:2      | HP: 1/31 [goblin/+0 dagger (2)]
  1444 | D:2      | Slain by a goblin

Illustrated notes

Levels and vault maps discovered:
D:1:      scummos_arrival_simple_crosswalls, layout_loops_ring, serial_shops,
          shop, minivault_11
D:2:      layout_rooms, ebering_ecumenical_altar_hall, basic_altar, uniq_terence

Skill      XL: |  1  2 |
---------------+-------+-----
Axes           | 3 |  3.8
Fighting       | |  3.0
Armour         | |  1.5
Dodging        | |  0.7
Invocations    | |  2.0

Action                   || total
-------------------------++-------
Melee: Hand axe          ||    89
       Tailslap          ||    12
       Punch             ||     1
Invok: Depart the Abyss  ||     1
 Abil: Rolling Charge    ||     3
  Use: Scroll            ||     4
Armor: Leather armour    ||    20
       Ring mail         ||    23
Dodge: Dodged            ||    41
